 Dungeon Crawl Stone Soup version 0.31-a0-986-g5e6e4ef867 (webtiles) character file.

Game seed: 1707622260120925224

221 Danienth the Gusty (level 5, -5/31 HPs)
             Began as a Tengu Air Elementalist on Nov 7, 2023.
             Slain by a gnoll
             ... wielding a +0 halberd
              (6 damage)
             ... on level 3 of the Dungeon.
             The game lasted 00:06:23 (2515 turns).

Danienth the Gusty (Tengu Air Elementalist)         Turns: 2515, Time: 00:06:23

Health: -5/31      AC:  4    Str:  9    XL:     5   Next: 98%
Magic:  2/9        EV: 13    Int: 15    God:
Gold:   117        SH:  0    Dex: 16    Spells: 7/8 levels left

rFire   . . .        d - +4 short sword (freeze)
rCold   + . .        (no shield)
rNeg    . . .        a - +0 robe
rPois   .            (helmet restricted)
rElec   .            h - +0 cloak
rCorr   .            f - +0 pair of gloves
SInv    .            (boots unavailable)
Will    .....        (no amulet)
Stlth   ++           s - ring of protection from cold
HPRegen 0.25/turn    (no ring)
MPRegen 0.11/turn

%: acrobat
@: no status effects
A: beak, talons 3, acrobatic
a: no special abilities


You were on level 3 of the Dungeon.
You visited 1 branch of the dungeon, and saw 3 of its levels.

You collected 117 gold pieces.

Inventory:

Hand Weapons
 d - a +4 short sword of freezing (weapon)
Missiles
 m - 14 poisoned darts (quivered)
Armour
 a - a +0 robe (worn)
 f - a +0 pair of gloves (worn)
 h - a +0 cloak (worn)
Jewellery
 s - a ring of protection from cold (left hand)
Scrolls
 c - 4 scrolls of teleportation {unknown}
 e - 3 scrolls of immolation
 i - 2 scrolls of identify {unknown}
 k - a scroll of fog {unknown}
 n - a scroll of enchant armour {unknown}
 o - a scroll of silence {unknown}
 p - a scroll of blinking {unknown}
 q - a scroll of fear {unknown}
Potions
 b - a potion of magic
 g - 2 potions of enlightenment {unknown}
 j - a potion of degeneration {unknown}
 l - a potion of curing {unknown}
 r - 2 potions of invisibility {unknown}


   Skills:
 + Level 2.3 Fighting
 * Level 4.0 Short Blades
 + Level 3.6 Dodging
 - Level 2.0 Stealth
 - Level 2.1 Spellcasting
 - Level 2.0 Conjurations
 - Level 4.0 Air Magic


You had 7 spell levels left.
You knew the following spells:

 Your Spells              Type           Power      Damage    Failure   Level
a - Shock                 Conj/Air       40%        1d5       6%          1

Your spell library contained the following spells:

 Spells                   Type           Power      Damage    Failure   Level
 Static Discharge         Conj/Air       20%        3-4/arc   10%         2
 Swiftness                Air            13%        N/A       13%         3
 Summon Small Mammal      Summ           4%         N/A       22%         1
 Momentum Strike          Conj/Tloc      8%         3d8       22%         2
 Blink                    Tloc           2%         N/A       32%         2
 Lesser Beckoning         Tloc           2%         N/A       32%         2
 Airstrike                Air            6%         2d(1-17)  38%         4
 Call Canine Familiar     Summ           1%         N/A       54%         3
 Summon Guardian Golem    Hex/Summ       1%         N/A       54%         3


Dungeon Overview and Level Annotations

Branches:
Dungeon (3/15)

Altars:


Innate Abilities, Weirdness & Mutations

You have a beak for a mouth.
You have claws for feet.
You can magically evade attacks while moving or waiting.


Message History

Aiming: Shock (safe; 6% risk of failure)
Press: ? - help, Shift-Dir - straight line, f/p - gnoll
Aim: a gnoll, wielding a +0 club (almost dead, 72% to hit)
The zap hits the gnoll.
The gnoll is almost dead.
The zap hits the gnoll.
The gnoll is severely wounded.
The zap hits the gnoll.
You kill the gnoll!
The gnoll barely misses you.
The gnoll hits you from afar with a +0 halberd!
Your Short Blades skill increases to level 4!
Casting: Shock (safe; 6% risk of failure)
Confirm with . or Enter, or press ? or * to list all spells.
Aiming: Shock (safe; 6% risk of failure)
Press: ? - help, Shift-Dir - straight line, f/p - gnoll
Aim: a gnoll, wielding a +0 club (almost dead, 72% to hit)
The zap hits the gnoll.
You kill the gnoll!
The zap hits the gnoll.
The gnoll is severely wounded.
The gnoll throws a throwing net.
The throwing net barely misses you.
Casting: Shock (safe; 6% risk of failure)
Confirm with . or Enter, or press ? or * to list all spells.
Aiming: Shock (safe; 6% risk of failure)
Press: ? - help, Shift-Dir - straight line, f - gnoll
Aim: a gnoll, wielding a +0 halberd and quivering a throwing net (severely wounded, 72% to hit)
The zap hits the gnoll but does no damage.
The gnoll is severely wounded.
The gnoll throws a throwing net.
The throwing net hits you.
You become entangled in the net!
You struggle against the net.
The gnoll hits you from afar with a +0 halberd!
You struggle against the net.
The gnoll hits you from afar with a +0 halberd!
* * * LOW HITPOINT WARNING * * *
You struggle against the net.
The gnoll barely misses you.
You shred the net and break free!
The gnoll hits you from afar with a +0 halberd.
You die...

#.#.#.# #.#....#
#.....# #.#..#.#
###.### #.#..#.#
#.# #.#g.#.# #.#
#.#gg#.# #.#
#.#..#)#
#.#####.#..#g#
#.......#..#)#
################@#
...)............(#
##################


You could see a gnoll.

Vanquished Creatures
  An orc priest (D:3)
  An orc wizard (D:3)
  3 gnolls (D:3)
  6 adders (D:2)
  2 worms (D:2)
  3 dart slugs
  3 orcs (D:3)
  4 endoplasms
  7 giant cockroaches
  7 goblins
  3 quokkas
  13 ball pythons
  7 bats
  4 frilled lizards
  4 kobolds
  6 rats
74 creatures vanquished.

Notes
Turn   | Place    | Note
-------+----------+-------------------------------------------
     0 | D:1      | Danienth the Tengu Air Elementalist began the quest for the
                  | Orb.
     0 | D:1      | Reached XP level 1. HP: 10/10 MP: 4/4
   124 | D:1      | Reached XP level 2. HP: 8/15 MP: 4/6
   310 | D:1      | Reached skill level 1 in Short Blades
   761 | D:3      | Reached XP level 3. HP: 20/20 MP: 7/7
  1052 | D:2      | Reached skill level 1 in Fighting
  1170 | D:2      | Reached XP level 4. HP: 25/25 MP: 8/8
  1481 | D:2      | Reached XP level 5. HP: 15/30 MP: 9/9
  1779 | D:2      | Found a faded altar of an unknown god.
  2513 | D:3      | HP: 1/31 [gnoll/+0 halberd (10)]
  2515 | D:3      | Slain by a gnoll

Illustrated notes

Levels and vault maps discovered:
D:1:      dpeg_arrival_tiny_a, layout_basic, serial_park_tiny_2
D:2:      minmay_razor_zed, layout_rooms,
          dreamdust_ecumenical_altar_hidden_monk_grotto, minivault_11
D:3:      layout_basic

Skill      XL: |  1  2  3  4  5 |
---------------+----------------+-----
Conjurations   | 2 |  2.0
Short Blades   | 1 2 3 4 |  4.0
Fighting       | 1 2 |  2.3
Dodging        | 3 |  3.6
Stealth        | |  2.0
Spellcasting   | |  2.1
Air Magic      | |  4.0

Action                     |  1- 3 |  4- 6 || total
---------------------------+-------+-------++-------
  Melee: Short sword       |    62 |    63 ||   125
         Kick              |    11 |     8 ||    19
         Peck              |     8 |     6 ||    14
  Throw: Dart              |       |     5 ||     5
   Cast: Shock             |    14 |    14 ||    28
    Use: Scroll            |     4 |       ||     4
   Stab: Sleeping          |     4 |     3 ||     7
 Armour: Robe              |    17 |    25 ||    42
  Dodge: Dodged            |    47 |    53 ||   100

Table legend: (Time is in decaauts)
 A = Elapsed time spent in this place.
 B = Non-inter-level travel time spent in this place.
 C = Inter-level travel time spent in this place.
 D = Time resting spent in this place.
 E = Time spent auto-exploring this place.
 F = Levels seen in this place.
 G = Mean time per level.
                   A        B        C        D        E       F      G
               +--------+--------+--------+--------+--------+-----+--------+
         Total |   2499 |   2415 |     84 |     82 |   1927 |   3 |  833.0 |
       Dungeon |   2499 |   2415 |     84 |     82 |   1927 |   3 |  833.0 |
               +--------+--------+--------+--------+--------+-----+--------+

Top non-repeatable levels by time:
     D:3: 942 daAuts
     D:2: 816 daAuts
     D:1: 740 daAuts
